 Dungeon Crawl Stone Soup version 0.29-a0-1016-g236c7fd91e (webtiles) character file.

Game seed: 15349172206296330432

1008 ytrimaz the Cleaver (level 8, -2/56 (58) HPs)
             Began as a Formicid Fighter on Aug 9, 2022.
             Slain by a wight
             ... wielding a +3 battleaxe of freezing
              (3 damage)
             ... on level 6 of the Dungeon.
             The game lasted 00:07:17 (5471 turns).

ytrimaz the Cleaver (Formicid Fighter)              Turns: 5471, Time: 00:07:18

HP:   -2/56 (58)    AC: 16    Str: 23    XL:     8   Next: 44%
MP:   8/8           EV:  7    Int:  8    God:
Gold: 350           SH:  5    Dex: 13    Spells: 7/7 levels left

rFire   + . .      SeeInvis +   a - +1 war axe (freeze)
rCold   . . .      Faith    .   c - +0 buckler
rNeg    . . .      Spirit   .   m - +0 chain mail
rPois   .          Reflect  .   (helmet unavailable)
rElec   .          Harm     .   f - +0 cloak
rCorr   .          Rampage  .   o - +0 pair of gloves
Will    .....                   k - +0 pair of boots
Stlth   ..........              (no amulet)
HPRegen 0.18/turn               r - +4 ring of protection
MPRegen 0.11/turn               u - ring of protection from fire

@: mighty, brilliant, lightly drained
A: permanent stasis, dig shafts and tunnels, antennae 3, four strong arms
a: Dig, Shaft Self


You were on level 6 of the Dungeon.
You visited 2 branches of the dungeon, and saw 7 of its levels.
You also visited: Sewer.

You collected 350 gold pieces.

Inventory:

Hand Weapons
 a - a +1 war axe of freezing (weapon)
 g - a +0 hand axe
Missiles
 b - 5 boomerangs
Armour
 c - a +0 buckler (worn)
 f - a +0 cloak (worn)
 k - a +0 pair of boots (worn)
 l - a +1 kite shield
 m - a +0 chain mail (worn)
 o - a +0 pair of gloves (worn)
Jewellery
 r - a +4 ring of protection (left hand)
 u - a ring of protection from fire (right hand)
 v - an amulet of faith
Wands
 d - a wand of roots (5)
 n - a wand of paralysis (12)
Scrolls
 s - a scroll of magic mapping
Potions
 e - 3 potions of cancellation
 i - 2 potions of brilliance
 j - 5 potions of flight
 p - a potion of magic {unknown}
 q - 5 potions of attraction
 x - a potion of resistance {unknown}


   Skills:
 - Level 3.2 Fighting
 + Level 9.5 Axes
 - Level 3.2 Armour
 - Level 4.0 Shields


You had 7 spell levels left.
You didn't know any spells.
Your spell library contained the following spells:

 Spells                   Type           Power      Damage    Failure   Level
 Shock                    Conj/Air       0%         1d3       99%         1
 Airstrike                Air            0%         2d(0-16)  100%        4
 Swiftness                Air            Unusable   N/A       N/A         3

Dungeon Overview and Level Annotations

Branches:
Dungeon (6/15)             Temple (1/1) D:5           Sewer (visited)

Altars:
Ashenzari
Elyvilon
Hepliaklqana
Kikubaaqudgha
Makhleb
Ru
Sif Muna
Wu Jian
Yredelemnul
Zin
The Shining One

Annotations:
D:4 1 runed translucent door


Innate Abilities, Weirdness & Mutations

You cannot be hasted, slowed, berserked, paralysed or teleported.
You can dig through walls and to a lower floor.
You have a pair of large antennae on your head. (SInv)
Your four strong arms can wield two-handed weapons with a shield.


Message History

You barely miss the wight.
You feel sick. The wight hits you but does no damage.
You hit the wight.
The wight is lightly damaged.
You feel sick.
The wight hits you with a +0 long sword.
* * * LOW HITPOINT WARNING * * *
You slash the wight!
The wight is severely damaged.
You feel sick. You block the wight's attack.
Unknown command.
You feel better. You block the wight's attack.
It was a potion of brilliance.
You feel clever all of a sudden. The wight hits you but does no damage.
Unknown command.
You hit the wight.
The wight is almost destroyed.
You block the wight's attack.
You closely miss the wight.
The wight is almost destroyed.
The wight hits you with a +0 long sword.
* * * LOW HITPOINT WARNING * * *
You slash the wight!
You destroy the wight!
Your life force feels restored.
You hit the wight but do no damage. The wight barely misses you.
You barely miss the wight. The wight closely misses you.
You barely miss the wight. You block the wight's attack.
You barely miss the wight.
The wight hits you with a +3 battleaxe of freezing.
* * * LOW HITPOINT WARNING * * *
The wight freezes you.
* * * LOW HITPOINT WARNING * * *
The wight hits you with a +3 battleaxe of freezing.
* * * LOW HITPOINT WARNING * * *
You feel drained.
* * * LOW HITPOINT WARNING * * *
The wight freezes you.
You die... { { ############# +.zz@<)...... ############.

You could see 2 wights.

Vanquished Creatures
  A black bear (D:5)
  An ice beast (D:4)
  A phantom (D:4)
  A necrophage (D:4)
  3 wights (D:6)
  A human zombie (D:4)
  2 hounds
  3 iguanas (D:5)
  Crazy Yiuf (D:2)
  A human skeleton (D:4)
  2 orc wizards
  A merfolk siren (Sewer)
  A merfolk avatar (Sewer)
  9 adders
  2 river rats (Sewer)
  An ufetubus (D:5)
  A worm (D:5)
  2 dart slugs
  10 orcs
  7 ball pythons
  5 bats
  4 endoplasms
  10 giant cockroaches
  8 hobgoblins
  6 jackals
  4 kobolds
  5 quokkas
  3 frilled lizards (Sewer)
  5 goblins
  30 rats
131 creatures vanquished.

Notes
Turn   | Place    | Note
-------+----------+-------------------------------------------
     0 | D:1      | ytrimaz the Formicid Fighter began the quest for the Orb.
     0 | D:1      | Reached XP level 1. HP: 18/18 MP: 1/1
   222 | D:1      | Found a faded altar of an unknown god.
   265 | D:1      | Reached XP level 2. HP: 20/24 MP: 2/2
   433 | D:1      | Reached skill level 3 in Axes
  1177 | D:2      | Reached XP level 3. HP: 24/29 MP: 3/3
  1394 | D:2      | Found a runed translucent door.
  1395 | D:2      | Noticed Crazy Yiuf
  1673 | D:2      | Reached skill level 4 in Axes
  1673 | D:2      | Reached XP level 4. HP: 33/35 MP: 4/4
  2168 | D:2      | Killed Crazy Yiuf
  2617 | D:3      | Reached XP level 5. HP: 41/41 MP: 5/5
  2782 | D:3      | Found a glowing drain.
  2812 | D:3      | Reached skill level 5 in Axes
  2815 | Sewer    | Entered a sewer
  3176 | Sewer    | Reached XP level 6. HP: 46/47 MP: 6/6
  3212 | Sewer    | Reached skill level 6 in Axes
  3434 | D:3      | Found a hazy altar of Hepliaklqana.
  4081 | D:4      | Found a runed translucent door.
  4081 | D:4      | Noticed a human
  4094 | D:4      | Found a basalt altar of Yredelemnul.
  4100 | D:4      | Reached skill level 7 in Axes
  4100 | D:4      | Reached XP level 7. HP: 42/52 MP: 7/7
  4535 | D:4      | Reached skill level 8 in Axes
  4714 | D:5      | Entered Level 5 of the Dungeon
  4796 | D:5      | Reached XP level 8. HP: 47/58 MP: 8/8
  5000 | D:5      | Found a staircase to the Ecumenical Temple.
  5042 | Temple   | Entered the Ecumenical Temple
  5284 | D:5      | Reached skill level 9 in Axes
  5410 | D:5      | Found an ornate altar of the Wu Jian Council.
  5471 | D:6      | HP: 2/58 [wight/+3 battleaxe of freezing (6)]
  5471 | D:6      | Slain by a wight

Illustrated notes

Levels and vault maps discovered:
D:1:      dpeg_arrival_simpleton_a, layout_basic,
          hellmonk_ecumenical_altar_run_dry
D:2:      layout_basic, uniq_crazy_yiuf_cottage
D:3:      layout_loops_ring, nicolae_hepliaklqana_hippocampus,
          gup_sewer_entry_glass, minmay_misc_feat_more_columns,
          minmay_misc_feat_alley
D:4:      layout_gridville, dk_yredelemnul_ordeal
D:5:      layout_cave_pools, nzn_wu_jian_council_hall,
          minmay_temple_entry_statues_pillars
D:6:      layout_basic, lightli_temple_of_fire, kennysheep_mini_moat,
          nicolae_shop_fire_sale [nicolae_sub_dead_trees], solitary_fountain,
          uniq_maggie, uniq_eustachio
Temple:   nicolae_temple_two_arcs

Skill      XL: |  1  2  3  4  5  6  7  8 |
---------------+-------------------------+-----
Axes           | 3 4 5 7 8 9 |  9.5
Fighting       | |  3.2
Armour         | |  3.2
Shields        | |  4.0

Action                   |  1- 3 |  4- 6 |  7- 9 || total
-------------------------+-------+-------+-------++-------
Melee: War axe           |    70 |   221 |    97 ||   388
 Abil: Dig               |       |     1 |       ||     1
  Use: Scroll            |     3 |     5 |     4 ||    12
       Potion            |       |     2 |     4 ||     6
Armor: Scale mail        |    18 |       |       ||    18
       Chain mail        |    26 |   123 |    72 ||   221
Dodge: Dodged            |    36 |    49 |    32 ||   117
Block: Buckler           |    24 |    48 |    27 ||    99

Table legend: (Time is in decaauts)
 A = Elapsed time spent in this place.
 B = Non-inter-level travel time spent in this place.
 C = Inter-level travel time spent in this place.
 D = Time resting spent in this place.
 E = Time spent auto-exploring this place.
 F = Levels seen in this place.
 G = Mean time per level.
                   A        B        C        D        E       F      G
               +--------+--------+--------+--------+--------+-----+--------+
         Total |   5614 |   5421 |    193 |    484 |   3657 |   8 |  701.8 |
       Dungeon |   4913 |   4724 |    189 |    375 |   3475 |   6 |  818.8 |
        Temple |    127 |    123 |      4 |      0 |    106 |   1 |  127.0 |
         Sewer |    573 |    573 |      0 |    109 |     76 |   1 |  573.0 |
               +--------+--------+--------+--------+--------+-----+--------+

Top non-repeatable levels by time:
     D:2: 1246 daAuts
     D:1: 1179 daAuts
     D:4: 929 daAuts
     D:3: 925 daAuts
     D:5: 608 daAuts
   Sewer: 573 daAuts
  Temple: 127 daAuts
     D:6: 24 daAuts
